 Dungeon Crawl Stone Soup version 0.22.1-1-ga44c0e5 (webtiles) character file.

126 wilfster70 the Digger (level 5, -1/28 HPs)
             Began as a Gargoyle Earth Elementalist on Oct 5, 2018.
             Splashed by Ijyb's acid (14 damage)
             ... on level 3 of the Dungeon.
             The game lasted 00:07:12 (2399 turns).

wilfster70 the Digger (Gargoyle Earth Elementalist) Turns: 2399, Time: 00:07:15

Health: -1/28      AC:  7    Str: 11    XL:     5   Next: 10%
Magic:  5/10       EV: 12    Int: 17    God:
Gold:   88         SH:  0    Dex: 10    Spells: 10/11 levels left

rFire    . . .     SeeInvis .   a - +0 flail
rCold    . . .     Gourm    .   (no shield)
rNeg     + . .     Faith    .   c - +0 robe
rPois    ∞         Spirit   .   (no helmet)
rElec    +         Reflect  .   (no cloak)
rCorr    .         Harm     .   t - +0 pair of gloves
MR       .....                  (no boots)
Stlth    ++........             (no amulet)
HPRegen  0.09/turn              (no ring)
MPRegen  0.12/turn              (no ring)

@: no status effects
A: negative energy resistance 1, electricity resistance, unbreathing,
petrification resistance, rot immunity, AC +4
a: no special abilities


You were on level 3 of the Dungeon.
You were not hungry.

You visited 1 branch of the dungeon, and saw 3 of its levels.

You collected 88 gold pieces.

Inventory:

Hand Weapons
 a - a +0 flail (weapon)
 u - a +0 hunting sling
Missiles
 b - 56 stones (quivered)
Armour
 c - a +0 robe (worn)
 k - a +0 buckler
 t - a +0 pair of gloves (worn)
Jewellery
 x - an uncursed amulet of regeneration {unknown}
Scrolls
 f - a scroll of remove curse {unknown}
 j - a scroll of teleportation
 l - a scroll of identify {unknown}
 m - a scroll of blinking {unknown}
Potions
 e - a potion of ambrosia {unknown}
 g - a potion of cancellation {unknown}
 h - a potion of magic {unknown}
 i - 2 potions of flight {unknown}
 n - a potion of haste {unknown}
 o - 2 potions of degeneration {unknown}
 p - a potion of invisibility {unknown}
 q - 2 potions of brilliance {unknown}
 r - a potion of might {unknown}
 s - 2 potions of agility {unknown}
 v - a potion of berserk rage {unknown}
 z - a potion of curing {unknown}
 A - a potion of lignification {unknown}
Comestibles
 d - 5 rations


   Skills:
 - Level 1.5 Dodging
 - Level 2.1 Stealth
 * Level 2.1 Shields
 + Level 3.5 Spellcasting
   Level 0.7 Transmutations
 + Level 4.7 Earth Magic


You had 10 spell levels left.
You knew the following spells:

 Your Spells              Type           Power        Failure   Level  Hunger
a - Sandblast             Erth           ###...       2%          1    None

Your spell library contained the following spells:

 Spells                   Type           Power        Failure   Level  Hunger
 Passwall                 Tmut/Erth      ##......     9%          2    ##.....
 Stone Arrow              Conj/Erth      ##....       19%         3    ###....
 Petrify                  Tmut/Erth      ##......     47%         4    ####...
 Lee's Rapid Deconstruct  Erth           ###.......   54%         5    ######.


Dungeon Overview and Level Annotations

Branches:
Dungeon (3/15)

Altars:

Annotations:
D:3 Ijyb


Innate Abilities, Weirdness & Mutations

You are resistant to torment.
Your stone body is resilient. (AC +4)
You are immune to poison.
You resist negative energy. (rN+)
You are resistant to electric shocks. (rElec)
You can survive without breathing.
You are immune to petrification.
You are immune to rotting.


Message History

Aiming: Sandblast (safe; 2% risk of failure)
Press: ? - help, Shift-Dir - straight line, f/p - Ijyb
Aim: Ijyb, wearing a runed scale mail and carrying a wand of acid (6)
The blast of sand hits Ijyb.
Ijyb is moderately wounded.
b - 57 stones Ijyb hits you but does no damage.
Casting: Sandblast (safe; 2% risk of failure)
Confirm with . or Enter, or press ? or * to list all spells.
Aiming: Sandblast (safe; 2% risk of failure)
Press: ? - help, Shift-Dir - straight line, f/p - Ijyb
Aim: Ijyb, wearing a runed scale mail and carrying a wand of acid (6)
The blast of sand hits Ijyb.
Ijyb is severely wounded.
b - 56 stones Ijyb zaps a wand.
The bolt of acid hits you!
Ouch! That really hurt!
You are splashed with acid!
The acid burns!
Ouch! That really hurt!
You die...

...# #..# ##+# #..#
##...## ##..#
##.....## ...##
##.......##
###...####.........#
.........+.........+
###...####.........#
##.## #.....@g# #.#
##.....## #.#
##...## #.# ##'##
#.# #.# #.#
####.##### #.#
#..<..$..# #.#
#.#...##.# #.#
#.........


You could see Ijyb.

Vanquished Creatures
  6 gnolls (D:2)
  2 adders (D:2)
  An ooze (D:1)
  A dart slug (D:1)
  A ball python (D:1)
  7 bats
  A giant cockroach (D:2)
  3 goblins
  3 hobgoblins (D:2)
  4 jackals (D:1)
  6 kobolds
  4 quokkas
  4 frilled lizards
  4 rats
47 creatures vanquished.

Notes
Turn   | Place    | Note
-------+----------+-------------------------------------------
     0 | D:1      | wilfster70 the Gargoyle Earth Elementalist began the quest
                  | for the Orb.
     0 | D:1      | Reached XP level 1. HP: 10/10 MP: 3/3
    54 | D:1      | You fall through a shaft!
    78 | D:2      | Reached XP level 2. HP: 15/15 MP: 1/5
   147 | D:2      | Reached skill level 4 in Earth Magic
   223 | D:2      | Reached XP level 3. HP: 19/19 MP: 2/7
  1200 | D:1      | Reached XP level 4. HP: 19/24 MP: 8/8
  1602 | D:2      | Reached skill level 1 in Shields
  1994 | D:2      | Reached XP level 5. HP: 18/28 MP: 5/10
  2389 | D:3      | Noticed Ijyb
  2399 | D:3      | Splashed by Ijyb's acid

Skill      XL: |  1  2  3  4 |
---------------+-------------+-----
Earth Magic    | 4 |  4.7
Spellcasting   | 3 |  3.5
Shields        | 2 |  2.1
Dodging        | |  1.5
Stealth        | |  2.1
Transmutations | |  0.7

Action                   |  1- 3 |  4- 6 || total
-------------------------+-------+-------++-------
Melee: Club              |     4 |       ||     4
       Flail             |    38 |    56 ||    94
 Cast: Sandblast         |    23 |    25 ||    48
  Use: Scroll            |       |     1 ||     1
 Stab: Sleeping          |     1 |     5 ||     6
  Eat: Chunk             |     1 |     4 ||     5
Armor: Robe              |    30 |    41 ||    71
Dodge: Dodged            |    50 |    61 ||   111
